 Dungeon Crawl Stone Soup version 0.28-a0-1435-g82390b3a13 (webtiles) character file.

Game seed: 12801667858063302018

32 oldriver the Skirmisher (level 3, -1/33 HPs)
             Began as a Ghoul Chaos Knight on Jan 10, 2022.
             Was a Plaything of Xom.
             Slain by a goblin (3 damage)
             ... led by Robin
             ... on level 1 of the Dungeon.
             The game lasted 00:01:10 (942 turns).

oldriver the Skirmisher (Ghoul Chaos Knight)         Turns: 942, Time: 00:01:11

Health: -1/33      AC:  5    Str: 17      XL:     3   Next: 27%
Magic:  2/2        EV: 11    Int:  6 (7)  God:    Xom [*.....]
Gold:   72         SH:  0    Dex:  8      Spells: 2/2 levels left

rFire   . . .      SeeInvis .     - Unarmed
rCold   + . .      Faith    .   (no shield)
rNeg    + + +      Spirit   .   a - +2 leather armour
rPois   ∞          Reflect  .   (no helmet)
rElec   .          Harm     .   (no cloak)
rCorr   .          Rampage  .   (no gloves)
Will    .....                   (no boots)
Stlth   +.........              (no amulet)
HPRegen 0.00/turn               (no ring)
MPRegen 0.08/turn               (no ring)

@: inhibited regen
A: claws 1, cold resistance 1, negative energy resistance 3, inhibited
regeneration, torment resistance 2
a: Renounce Religion


You were on level 1 of the Dungeon.
You worshipped Xom.
You were a special plaything of Xom.
You visited 1 branch of the dungeon, and saw 2 of its levels.

You collected 72 gold pieces.

Inventory:

Armour
 a - a +2 leather armour (worn)
Jewellery
 b - a +4 ring of protection
 i - a ring of willpower
Scrolls
 c - a scroll of amnesia {unknown}
 e - a scroll of enchant armour {unknown}
 f - a scroll of magic mapping {unknown}
 g - a scroll of identify {unknown}
 h - a scroll of silence {unknown}
Potions
 d - a potion of heal wounds {unknown}


   Skills:
 + Level 4.0 Fighting
 - Level 1.7 Armour
 + Level 2.0 Dodging
 - Level 3.2 Unarmed Combat


You had 2 spell levels left.
You didn't know any spells.
Your spell library was empty.

Dungeon Overview and Level Annotations

Branches:
Dungeon (2/15)

Altars:

Annotations:
D:2 Robin, Sigmund


Innate Abilities, Weirdness & Mutations

You thrive by killing the living.
You are immune to poison.
You have sharp fingernails.
Your flesh is cold resistant. (rC+)
You are immune to negative energy. (rN+++)
You do not regenerate when monsters are visible.
You are immune to unholy pain and torment.


Message History

The kobold barely misses you. The goblin closely misses you.
There is a stone staircase leading up here.
The ball python hisses angrily.
The goblin hits you but does no damage. The ball python bites you.
The ball python misses you. The kobold barely misses you.
The goblin hits you with a +0 dagger.
Robin roars a battlecry!
The goblins go into a battle-frenzy!
You climb upwards.
There is a stone staircase leading down here.
The goblin closely misses you. The goblin hits you but does no damage.
Things that are here:
a +0 club; a goblin corpse You miss the kobold.
The ball python misses you. The ball python grabs you.
The ball python constricts you. The goblin hits you with a +0 dagger.
The kobold hits you with a +0 short sword.
The goblin hits you with a +0 dagger.
Unknown command.
The ball python's grasp on you weakens, but your attempt to escape fails.
The ball python bites you but does no damage.
The ball python constricts you. The goblin hits you with a +0 club.
The goblin hits you but does no damage.
The kobold hits you with a +0 short sword.
The goblin hits you with a +0 dagger.
* * * LOW HITPOINT WARNING * * *
The ball python bites you.
* * * LOW HITPOINT WARNING * * *
The ball python constricts you.
* * * LOW HITPOINT WARNING * * *
The ball python's grasp on you weakens, but your attempt to escape fails.
The goblin hits you but does no damage. The goblin hits you with a +0 dagger.
* * * LOW HITPOINT WARNING * * *
The ball python bites you.
* * * LOW HITPOINT WARNING * * *
The ball python constricts you. The kobold closely misses you.
The goblin barely misses you.
You escape the ball python's grasp.
The goblin closely misses you. The goblin hits you but does no damage.
The goblin hits you with a +0 club.
You die...

#....#.##.......#
#.####+##.......#
#####.##.......############
#....†##.......##.........#
#.....##.......##.........# ##
#..............##.........###.
#.....##.......##.............
#.....####'###)##..........###
#.....# #.gK.@............##..
####### #)>gg......(......#...
#.)S##............#...
############..##########..
#......#####...# #### ###
#............#.# ##..## ##
#.......####.#.###....# ##
#......)# ###..##..#.###.
#.......# ##..#....#.#.


You could see 3 goblins, a ball python and a kobold.

Vanquished Creatures
  An adder (D:1)
  2 dart slugs
  2 endoplasms (D:1)
  4 goblins (D:1)
  2 hobgoblins (D:1)
  2 quokkas (D:1)
  A bat (D:1)
  A frilled lizard (D:1)
  A kobold (D:1)
  2 rats (D:1)
18 creatures vanquished.

Vanquished Creatures (others)
  3 goblins (D:2)
  A ball python (D:2)
4 creatures vanquished.

Grand Total: 22 creatures vanquished

Notes
Turn   | Place    | Note
-------+----------+-------------------------------------------
     0 | D:1      | oldriver the Ghoul Chaos Knight began the quest for the
                  | Orb.
     0 | D:1      | Reached XP level 1. HP: 19/19 MP: 0/0
   154 | D:1      | Reached skill level 1 in Dodging
   208 | D:1      | Reached XP level 2. HP: 26/26 MP: 1/1
   592 | D:1      | XOM: noise
   767 | D:2      | Noticed Sigmund
   826 | D:2      | Noticed Robin
   827 | D:2      | XOM: divine lightning
   828 | D:2      | XOM: divination: magic mapping
   837 | D:1      | Reached skill level 4 in Fighting
   837 | D:1      | Reached XP level 3. HP: 31/33 MP: 2/2
   903 | D:1      | XOM: stat loss: -1 Int (6/7)
   942 | D:1      | Slain by a goblin

Illustrated notes

Levels and vault maps discovered:
D:1:      shiori_arrival_elements, layout_basic, st_stairs_8
D:2:      layout_rooms, basic_altar, uniq_robin, uniq_sigmund

Skill      XL: |  1  2 |
---------------+-------+-----
Dodging        | 1 2 |  2.0
Fighting       | 4 |  4.0
Armour         | |  1.7
Unarmed Combat | |  3.2

Action                   || total
-------------------------++-------
Melee: Unarmed           ||    44
Armor: Leather armour    ||    28
Dodge: Dodged            ||    38

Table legend: (Time is in decaauts)
 A = Elapsed time spent in this place.
 B = Non-inter-level travel time spent in this place.
 C = Inter-level travel time spent in this place.
 D = Time resting spent in this place.
 E = Time spent auto-exploring this place.
 F = Levels seen in this place.
 G = Mean time per level.
                   A        B        C        D        E       F      G
               +--------+--------+--------+--------+--------+-----+--------+
         Total |    942 |    854 |     88 |     86 |    635 |   2 |  471.0 |
       Dungeon |    942 |    854 |     88 |     86 |    635 |   2 |  471.0 |
               +--------+--------+--------+--------+--------+-----+--------+

Top non-repeatable levels by time:
     D:1: 917 daAuts
     D:2: 25 daAuts
